 Dungeon Crawl Stone Soup version 0.29-a0-25-g7f48f510a0 (webtiles) character file.

Game seed: 1487471008336680757

184 HallandMoats the Skirmisher (level 5, 0/34 HPs)
             Began as a Gargoyle Fighter on Feb 1, 2022.
             Was a Priest of Lugonu.
             Frozen to death by an endoplasm (3 damage)
             ... on level 4 of the Dungeon.
             The game lasted 00:03:07 (3110 turns).

HallandMoats the Skirmisher (Gargoyle Fighter)      Turns: 3110, Time: 00:03:08

Health: 0/34       AC: 13    Str: 20    XL:     5   Next: 64%
Magic:  6/6        EV:  9    Int:  8    God:    Lugonu [***...]
Gold:   118        SH:  5    Dex: 14    Spells: 4/4 levels left

rFire   . . .      SeeInvis .   r - +6 dagger of Magnificence {vorpal, Dex+3}
rCold   . . .      Faith    .   c - +0 buckler
rNeg    + . .      Spirit   .   b - +0 scale mail
rPois   ∞          Reflect  .   f - +0 helmet
rElec   +          Harm     .   l - +0 cloak
rCorr   .          Rampage  .   (no gloves)
Will    .....                   (no boots)
Stlth   ..........              (no amulet)
HPRegen 0.11/turn               (no ring)
MPRegen 0.10/turn               (no ring)

@: no status effects
A: sickness immunity, AC +4, negative energy resistance 1, electricity
resistance, torment resistance 1, petrification resistance
a: Renounce Religion, Depart the Abyss, Bend Space, Banish


You were on level 4 of the Dungeon.
You worshipped Lugonu.
Lugonu was most pleased with you.
You visited 1 branch of the dungeon, and saw 4 of its levels.

You collected 118 gold pieces.

Inventory:

Hand Weapons
 a - a +0 flail
 r - the +6 dagger of Magnificence (weapon) {vorpal, Dex+3}
   (You found it on level 3 of the Dungeon)

   It inflicts extra damage upon your enemies.
   Dex:       It affects your dexterity (+3).
Armour
 b - a +0 scale mail (worn)
 c - a +0 buckler (worn)
 f - a +0 helmet (worn)
 l - a +0 cloak (worn)
Jewellery
 u - a ring of see invisible
Wands
 t - a wand of digging (4)
 v - a wand of polymorph (5)
Scrolls
 i - a scroll of blinking {unknown}
 j - a scroll of enchant armour {unknown}
 n - a scroll of immolation {unknown}
 o - a scroll of teleportation {unknown}
 q - 2 scrolls of vulnerability {unknown}
Potions
 d - 2 potions of might
 e - a potion of curing {unknown}
 g - 2 potions of heal wounds {unknown}
 h - a potion of mutation {unknown}
 k - a potion of brilliance {unknown}
 m - a potion of resistance {unknown}
 p - a potion of lignification {unknown}
 s - a potion of cancellation {unknown}


   Skills:
 * Level 4.3 Fighting
 * Level 3.1 Maces & Flails
 + Level 3.7 Armour
 + Level 1.0 Dodging
 + Level 3.7 Shields
 * Level 2.6 Invocations


You had 4 spell levels left.
You didn't know any spells.
Your spell library contained the following spells:

 Spells                   Type           Power      Damage    Failure   Level
 Passwall                 Tmut/Erth      0%         N/A       94%         2
 Dragon Form              Tmut           0%         N/A       100%        7


Dungeon Overview and Level Annotations

Branches:
Dungeon (4/15)
 Temple: D:4-7

Altars:
Ashenzari
Cheibriados
Dithmenos
Fedhas
Hepliaklqana
Qazlal
Vehumet
Wu Jian
Xom
Lugonu

Shops:
D:1 :


Innate Abilities, Weirdness & Mutations

You are immune to sickness and miasma.
Your stone body is resilient. (AC +4)
You are immune to poison.
You resist negative energy. (rN+)
You are resistant to electric shocks. (rElec)
You are resistant to unholy torment.
You are immune to petrification.


Message History

You are too injured to fight recklessly!
You are too injured to fight recklessly!
You are too injured to fight recklessly!
You are too injured to fight recklessly!
You are too injured to fight recklessly!
You hit the iguana but do no damage.
The iguana is moderately wounded.
The iguana bites you but does no damage.
You hit the iguana.
The iguana is almost dead.
The iguana closely misses you.
You barely miss the iguana.
The iguana is almost dead.
The iguana bites you!
* * * LOW HITPOINT WARNING * * *
You hit the iguana.
You kill the iguana!
Lugonu accepts your kill.
You can now banish your foes.
Your Dodging skill increases to level 1!
Found a stormy altar of Qazlal.
An orc comes into view. It is wielding a +0 short sword.
The orc shouts!
You are too injured to fight recklessly!
An orc is nearby!
An endoplasm comes into view.
The endoplasm quivers.
The orc closely misses you.
You hit the orc.
The orc is heavily wounded.
The endoplasm jiggles.
The orc hits you but does no damage.
You hit the orc.
You kill the orc!
Lugonu accepts your kill. The endoplasm freezes you.
You are frozen.
* * * LOW HITPOINT WARNING * * *
The endoplasm freezes you.
You are frozen.
You die...

............# #..##.#
..###......#### ##....# .
###.#........##..#### .
#...#....#........#
.##.###<....._......##
.#..# ###.._..._.....##
.†.####...............#
#............⌠......#....
....####........@J####....
..<...# .._..._........##
#####...#...._....###....#
..##.##...#... #.. ...
.....###.. .##.#.### ...
#. ..## . #.#


You could see an endoplasm.

Vanquished Creatures
  An iguana (D:4)
  Robin (D:3)
  3 adders
  A worm (D:3)
  4 dart slugs
  4 orcs
  12 ball pythons
  5 bats
  6 endoplasms
  7 giant cockroaches
  16 goblins
  7 hobgoblins
  8 jackals
  2 quokkas
  8 kobolds
  7 rats
92 creatures vanquished.

Notes
Turn   | Place    | Note
-------+----------+-------------------------------------------
     0 | D:1      | HallandMoats the Gargoyle Fighter began the quest for the
                  | Orb.
     0 | D:1      | Reached XP level 1. HP: 14/14 MP: 1/1
   136 | D:1      | Reached XP level 2. HP: 19/19 MP: 2/2
   155 | D:1      | Reached skill level 1 in Invocations
   235 | D:1      | Reached XP level 3. HP: 10/23 MP: 3/3
   429 | D:1      | Got the Guide on Transmutation
   628 | D:1      | Found Kaevato's Book Shoppe.
  1316 | D:2      | Reached XP level 4. HP: 23/29 MP: 5/5
  2053 | D:3      | Reached skill level 4 in Fighting
  2056 | D:3      | Found a faded altar of an unknown god.
  2065 | D:3      | Prayed at the altar of an unknown god.
  2065 | D:3      | Became a worshipper of Lugonu the Unformed
  2065 | D:3      | Reached * piety under Lugonu
  2065 | D:3      | Reached ** piety under Lugonu
  2133 | D:3      | Identified the +6 dagger of Magnificence {vorpal, Dex+3}
  2457 | D:3      | Noticed Robin
  2460 | D:3      | Reached XP level 5. HP: 32/33 MP: 6/6
  2469 | D:3      | Killed Robin
  2567 | D:3      | Found a shimmering altar of Xom.
  2616 | D:3      | Found an ornate altar of the Wu Jian Council.
  2616 | D:3      | Found a broken altar of Ashenzari.
  3073 | D:4      | Found a radiant altar of Vehumet.
  3074 | D:4      | Found a snail-covered altar of Cheibriados.
  3077 | D:4      | Found a hazy altar of Hepliaklqana.
  3094 | D:4      | Found a shadowy altar of Dithmenos.
  3094 | D:4      | Found a blossoming altar of Fedhas.
  3102 | D:4      | Reached *** piety under Lugonu
  3103 | D:4      | Reached skill level 1 in Dodging
  3103 | D:4      | Found a stormy altar of Qazlal.
  3110 | D:4      | Frozen to death by an endoplasm

Illustrated notes

Levels and vault maps discovered:
D:1:      dpeg_arrival_houses_and_road, layout_basic, serial_shops,
          nicolae_square_shop
D:2:      layout_basic
D:3:      layout_basic, xom_teletrap_fun, mainiacjoe_overflow_divided_tiny,
          dreamdust_ecumenical_altar_angels_and_demons, gup_sewer_entry_bowl,
          minmay_randomly_rotated_circles, uniq_robin
D:4:      layout_rooms, grunt_temple_overflow_open

Skill      XL: |  1  2  3  4  5 |
---------------+----------------+-----
Invocations    | 1 2 |  2.6
Fighting       | 4 |  4.3
Maces & Flails | 3 |  3.1
Dodging        | 1 |  1.0
Armour         | |  3.7
Shields        | |  3.7

Action                   |  1- 3 |  4- 6 || total
-------------------------+-------+-------++-------
Melee: Flail             |   136 |    50 ||   186
       Dagger            |       |    78 ||    78
Armor: Scale mail        |    95 |    66 ||   161
Dodge: Dodged            |    83 |    62 ||   145
Block: Buckler           |    33 |    24 ||    57

Table legend: (Time is in decaauts)
 A = Elapsed time spent in this place.
 B = Non-inter-level travel time spent in this place.
 C = Inter-level travel time spent in this place.
 D = Time resting spent in this place.
 E = Time spent auto-exploring this place.
 F = Levels seen in this place.
 G = Mean time per level.
                   A        B        C        D        E       F      G
               +--------+--------+--------+--------+--------+-----+--------+
         Total |   3179 |   3122 |     57 |      0 |   2453 |   4 |  794.8 |
       Dungeon |   3179 |   3122 |     57 |      0 |   2453 |   4 |  794.8 |
               +--------+--------+--------+--------+--------+-----+--------+

Top non-repeatable levels by time:
     D:3: 1131 daAuts
     D:1: 1037 daAuts
     D:2: 937 daAuts
     D:4: 73 daAuts
